[Event "*** Titled Tuesday Blitz"]
[Site "Chess.com"]
[Date "2020.05.12"]
[Round "10"]
[White "mirceaparligras"]
[Black "TigranMukhutdinov"]
[Result "1/2-1/2"]
[WhiteElo "2571"]
[BlackElo "2438"]
[TimeControl "180+1"]
[EndTime "11:54:31 PDT"]
[Termination "Game drawn by stalemate"]

1. d4 Nf6 2. c4 g6 3. Nc3 d5 4. cxd5 Nxd5 5. e4 Nxc3 6. bxc3 Bg7 7. Nf3 c5 8. h3 O-O 9. Be2 b6 10. Be3 Bb7 11. e5 cxd4 12. cxd4 Nc6 13. O-O Nb4 14. Rc1 Nd5 15. Bg5 Rc8 16. Qb3 h6 17. Bd2 Qd7 18.
a4 Rxc1 19. Rxc1 Rc8 20. Rxc8+ Qxc8 21. a5 bxa5 22. Qa3 e6 23. Qxa5 a6 24. h4 Qc7 25.
Qa4 Nb6 26. Qe8+ Kh7 27. h5 Be4 28. hxg6+ Bxg6 29. Bxa6 Nc4 30. Bb4 Qb6 31. Qb5 Qxb5 32. Bxb5 Nb6 33. Bc6 Nd5 34. Bxd5 exd5 35. Nh4 Bd3 36. f4 h5 37. Be7 Bh6 38. g3 Bg7 39. Kf2 Be4 40. Ke3 Bh8 41. Kd2 Kg8 42. Kc3 f6 43. exf6 Kf7 44. Kd2 Bxf6 45. Bxf6 Kxf6 46.
Ke3 Ke6 47. Nf3 Kf5 48. Ne5 Bg2 49. Nc6 Be4 50. Ne7+ Kg4 51. Kf2 Bh1 52. Nc6 Be4 53.
Nb4 h4 54. gxh4 Kxf4 55. h5 Kg5 56. Ke3 Kxh5 57. Kf4 Kg6 58. Ke5 Kf7 59. Nxd5 Bh1 60. Nf6 Ke7 61. Ne4 Kd7 62. Nc5+ Kc6 63. Ne4 Bxe4 64.
Kxe4 Kd6 65. d5 Kd7 66. Kd4 Kd6 67. Ke4 Kd7 68. Ke5 Ke7 69. d6+ Kd7 70. Kd5 Kd8 71.
Ke6 Ke8 72. d7+ Kd8 73. Kd6 1/2-1/2

[Event "*** Titled Tuesday Blitz"]
[Site "Chess.com"]
[Date "2020.05.12"]
[Round "10"]
[White "ZoltanChef"]
[Black "m-garcett"]
[Result "1/2-1/2"]
[WhiteElo "2115"]
[BlackElo "1969"]
[TimeControl "180+1"]
[EndTime "11:54:31 PDT"]
[Termination "Game drawn - insufficient material"]

1. e4 c5 2. Nf3 d6 3. b3 Nf6 4.
Nc3 g6 5. Bb2 Bg7 6. d3 O-O 7.
h3 Nc6 8. g4 a6 9. Bg2 b5 10.
Ne2 Bb7 11. Ng3 Qc7 12. Qc1 e6 13. g5 Nd7 14. Bxg7 Kxg7 15. Qb2+ e5 16. h4 f5 17.
exf5 gxf5 18. Nh5+ Kh8 19. O-O-O c4 20. dxc4 b4 21. Rhe1 Rae8 22. Rd2 Nd4 23. Rxd4 exd4 24. Nxd4 Rxe1+ 25. Kd2 Re5 26. f4 Bxg2 27. Ne6 Qc8 28. fxe5 Nxe5 29. Nxf8 Qxf8 30. Qd4 f4 31. Nxf4 Qf5 32.
c5 Kg8 33. Kc1 Be4 34. cxd6 Qxf4+ 35. Kb2 Qf5 36. Qxb4 Bxc2 37. Qb8+ Kf7 38. Qc7+ Kg6 39. Qxc2 Qxc2+ 40. Kxc2 Kf7 41. Kc3 Ke6 42. h5 Kxd6 43. g6 hxg6 44. hxg6 Nxg6 45. Kb4 Kc6 46. Ka5 Kb7 47.
b4 Ne5 48. b5 Nc4+ 49. Kb4 axb5 50. Kxb5 Na3+ 51. Kb4 Nb1 52. Kb3 Nd2+ 53. Kc3 Ne4+ 54. Kd4 Nd6 55. Kc5 Nc8 56. Kb5 Ka8 57. Kc6 Kb8 58. Kd7 Nb6+ 59. Kc6 Na4 60. Kd6 Nc3 61. a3 Nb5+ 62. Kc5 Nxa3 1/2-1/2

[Event "*** Titled Tuesday Blitz"]
[Site "Chess.com"]
[Date "2020.05.12"]
[Round "10"]
[White "1977Ivan"]
[Black "Koalaskakistis"]
[Result "0-1"]
[WhiteElo "2612"]
[BlackElo "2465"]
[TimeControl "180+1"]
[EndTime "11:54:35 PDT"]
[Termination "Koalaskakistis won by checkmate"]

1. d4 f5 2. c4 Nf6 3. Nc3 e6 4. a3 b6 5. d5 Be7 6. Bf4 O-O 7. e3 Bb7 8. Nf3 exd5 9. cxd5 Ne8 10. Rc1 Nd6 11. Bd3 a5 12. O-O Na6 13. Nd4 Nc5 14. Bxd6 Bxd6 15. Bxf5 Ba6 16. Re1 g6 17. b4 axb4 18.
axb4 gxf5 19. bxc5 bxc5 20. Ndb5 Bxb5 21. Nxb5 Qf6 22. Rc4 Rab8 23. Nxd6 cxd6 24. g3 Rb2 25. Qf3 Qe5 26. Kg2 Rd2 27. Rf4 Qxd5 28. e4 Qe5 29.
Qb3+ Kh8 30. Kf1 Qd4 31. exf5 Qd3+ 32. Qxd3 Rxd3 33. f6 Rd4 34. Rf5 c4 35. Re7 c3 36.
Rh5 Rxf6 37. Rhxh7+ Kg8 38. Rxd7 c2 39. Rdg7+ Kf8 40.
Rc7 Kg8 41. Rhd7 Rd1+ 42. Kg2 c1=Q 43. Rd8+ Rf8 44. Rxc1 Rxc1 45. Rxd6 Rc2 46. Rg6+ Kh7 47. Rg4 Rfxf2+ 48. Kg1 Rfd2 49. Rh4+ Kg6 50. Rg4+ Kf6 51. Rf4+ Ke5 52. Rf1 Rg2+ 53. Kh1 Rxh2+ 54. Kg1 Rcg2# 0-1

[Event "*** Titled Tuesday Blitz"]
[Site "Chess.com"]
[Date "2020.05.12"]
[Round "10"]
[White "Kate1606"]
[Black "dolynachess"]
[Result "0-1"]
[WhiteElo "2063"]
[BlackElo "2331"]
[TimeControl "180+1"]
[EndTime "11:54:35 PDT"]
[Termination "dolynachess won on time"]

1. e4 c5 2. Nc3 g6 3. f4 Bg7 4. Nf3 d6 5. Bb5+ Bd7 6. Bxd7+ Qxd7 7. d3 Nc6 8. O-O e6 9. Qe1 Nge7 10. Rb1 O-O-O 11.
Ng5 Rdf8 12. a3 h6 13. Nf3 f5 14. b4 Kb8 15. bxc5 dxc5 16. e5 g5 17. Nb5 gxf4 18. Nd6 b6 19. Bxf4 Nc8 20. Nc4 h5 21. Nh4 Rfg8 22. a4 Bh6 23. Bxh6 Rxh6 24. a5 Kc7 25. axb6+ axb6 26. Qe3 Qd4 27. Nf3 Qxe3+ 28. Nxe3 N8e7 29.
h4 Ng6 30. Nc4 Rb8 31. Nd6 Ngxe5 32. Nb5+ Kd7 33. Nxe5+ Nxe5 34. Rbe1 Nc6 35. c3 Ra8 36. Rf2 Rg6 37. d4 Ra5 38. c4 Nxd4 39. Rd1 Rg4 40. Rfd2 e5 41. Kf2 Kc6 42. Nc3 Ra3 43. Nd5 Rag3 44.
Ne7+ Kd7 0-1

[Event "*** Titled Tuesday Blitz"]
[Site "Chess.com"]
[Date "2020.05.12"]
[Round "10"]
[White "S_Kalvaitis"]
[Black "Margarita2907"]
[Result "1-0"]
[WhiteElo "2360"]
[BlackElo "2024"]
[TimeControl "180+1"]
[EndTime "11:54:36 PDT"]
[Termination "S_Kalvaitis won by resignation"]

1. e4 c5 2. Nf3 d6 3. Bb5+ Bd7 4.
Bxd7+ Nxd7 5. O-O g6 6. c3 Bg7 7.
d4 cxd4 8. cxd4 e6 9. Nc3 Ne7 10. Bf4 e5 11. dxe5 dxe5 12. Bg3 O-O 13. Qe2 Nc6 14.
Rfd1 Qe8 15. Nd5 Rc8 16. Rac1 Nf6 17. Bh4 Nxd5 18. exd5 Nd4 19. Nxd4 exd4 20. Qxe8 Rcxe8 21. d6 f6 22. Rxd4 Rd8 23. Bg3 Kf7 24. Rc7+ Kg8 25.
Rxb7 f5 26. Rd1 Rf7 27. d7 Bf6 28. Rxa7 Kf8 29. b4 Ke7 30. b5 Ke6 31. b6 Be5 32. Bh4 Rdxd7 33. Raxd7 Rxd7 34. Rxd7 Kxd7 35. a4 Kc6 36. a5 Kb7 37. Bd8 Ka6 38. g3 Bc3 39.
Kg2 Kb7 40. Kf3 Bxa5 41. Kf4 Bd2+ 42. Ke5 Be1 43. f3 Bf2 44. g4 fxg4 45. fxg4 Bg1 46. h3 Kc6 47. Kf6 Bd4+ 48. Kf7 Be5 49. Kg8 h5 50. g5 Kd7 51. Bc7 Bd4 52. Kf7 Be3 53. Kxg6 h4 54. Kh5 Kc6 55. Kxh4 1-0

[Event "*** Titled Tuesday Blitz"]
[Site "Chess.com"]
[Date "2020.05.12"]
[Round "10"]
[White "ketster"]
[Black "umngqusho"]
[Result "1-0"]
[WhiteElo "2304"]
[BlackElo "2436"]
[TimeControl "180+1"]
[EndTime "11:54:37 PDT"]
[Termination "ketster won by checkmate"]

1. d4 Nf6 2. c4 g6 3. Nc3 Bg7 4.
e4 d6 5. Nf3 O-O 6. h3 e5 7. d5 Nbd7 8. Be3 Nc5 9. Nd2 a5 10.
g4 c6 11. Be2 Bd7 12. h4 a4 13.
h5 cxd5 14. cxd5 b5 15. g5 Ne8 16. Nxb5 Qb8 17. Na3 Qxb2 18. Nac4 Qc3 19. Rc1 Qb4 20.
Rb1 Qc3 21. Kf1 f5 22. Rc1 Qb4 23. Nxd6 Nxe4 24. N6xe4 fxe4 25. h6 Bh8 26. Bc5 Qa5 27. Bxf8 Kxf8 28. Nxe4 Bf5 29. Bf3 Rd8 30. Nc5 e4 31.
Bxe4 Bxe4 32. Nxe4 Rxd5 33. Qf3+ Rf5 34. Qe3 Bb2 35. Rc5 Qa6+ 36. Kg2 Qe6 37. Rxf5+ gxf5 38. Ng3 Qd5+ 39. Qf3 Qxf3+ 40. Kxf3 Kf7 41. Nxf5 Kg6 42. Ne3 Nd6 43. Rd1 Nf7 44. Kg4 Ne5+ 45. Kf4 Nf7 46.
Rd7 Be5+ 47. Kg4 Bd6 48. Ra7 a3 49. Nc4 Ne5+ 50. Nxe5+ Bxe5 51. Rxa3 Kf7 52. Ra6 Bd4 53. a4 Bxf2 54. Rf6+ Kg8 55. Rxf2 Kh8 56. Rf8# 1-0

[Event "*** Titled Tuesday Blitz"]
[Site "Chess.com"]
[Date "2020.05.12"]
[Round "10"]
[White "mmaks007"]
[Black "szefru"]
[Result "1/2-1/2"]
[WhiteElo "2237"]
[BlackElo "2121"]
[TimeControl "180+1"]
[EndTime "11:54:38 PDT"]
[Termination "Game drawn by agreement"]

1. e4 Nf6 2. e5 Nd5 3. d4 d6 4.
Nf3 g6 5. exd6 cxd6 6. c4 Nb6 7. h3 Bg7 8. Be2 O-O 9. O-O Qc7 10. b3 Nc6 11. Bb2 e5 12. dxe5 dxe5 13. Nbd2 Rd8 14.
Qc1 Bf5 15. a3 Bh6 16. Bc3 Nd4 17. Nxd4 exd4 18. Bb2 d3 19. Bf3 Nd7 20. Qd1 Ne5 21.
g4 Bxd2 22. Bxe5 Qxe5 23. Qxd2 Be6 24. Rae1 Qf6 25. Kg2 Rab8 26. Re3 Qd4 27. Rd1 Qc5 28. Rxd3 Rxd3 29. Qxd3 Qxa3 30. Qd6 Qxd6 31. Rxd6 b5 32. Be2 a5 33. c5 Bxb3 34. c6 Be6 35. c7 Rc8 36.
Rd8+ Kg7 37. Rxc8 Bxc8 38. Bxb5 Kf6 39. Kf3 Ke7 40. Bc4 Kd6 41. Bxf7 Kxc7 42. Bg8 h5 43. gxh5 gxh5 44. Bf7 Bxh3 45. Bxh5 Be6 46. Be8 Kd8 47. Ba4 Ke7 48. Kf4 Bd7 49. Ke5 Bxa4 50. Kd4 Bd7 51.
Kc3 a4 52. Kb2 Kf6 53. Ka1 Kf5 54. f4 Kxf4 55. Kb2 Ke3 56. Ka1 Kd2 57. Kb2 Kd3 58.
Ka1 Kc3 59. Kb1 Kb3 60. Ka1 a3 61. Kb1 Bf5+ 62. Ka1 1/2-1/2

[Event "*** Titled Tuesday Blitz"]
[Site "Chess.com"]
[Date "2020.05.12"]
[Round "10"]
[White "freshfoodcompany"]
[Black "Lunow"]
[Result "0-1"]
[WhiteElo "2207"]
[BlackElo "2086"]
[TimeControl "180+1"]
[EndTime "11:54:39 PDT"]
[Termination "Lunow won on time"]

1. d4 Nf6 2. c4 g6 3. Nc3 Bg7 4. e4 d6 5. Nf3 O-O 6. Be2 e5 7. d5 a5 8. Bg5 h6 9. Bh4 Na6 10. Nd2 Qe8 11. a3 Bd7 12. b3 Nh7 13. Rb1 h5 14. f3 Bh6 15. Bf2 Qe7 16. b4 axb4 17. axb4 f5 18. c5 dxc5 19. Bxa6 Rxa6 20. Bxc5 Qg5 21.
Bxf8 Qxg2 22. Rf1 Kxf8 23. Qe2 Qh3 24. Rg1 Ra3 25. Nb3 Ng5 26. Rg3 Qh4 27. Qf2 f4 28.
Rg1 Nxf3+ 29. Ke2 Nxg1+ 30. Qxg1 Bg4+ 31. Kd2 f3+ 32. Kc2 f2 33. Rf1 Be3 34. Qg3 Qxg3 35.
hxg3 Bh3 36. Nd1 Bxf1 37. Nxe3 Bd3+ 38. Kb2 Rxb3+ 39. Kxb3 f1=Q 40. Nxf1 Bxf1 41. Kc3 Bg2 42. Kd3 g5 43. b5 h4 44. b6 cxb6 45. Ke3 Ke7 46.
gxh4 gxh4 47. Kf2 h3 48. Kg3 Kd6 49. Kh2 b5 50. Kg1 b4 51. Kh2 b3 52. Kg3 b2 53. Kh2 b1=Q 54. Kg3 Qc2 55. Kh4 Qc3 56. Kg5 Qe3+ 57. Kf6 Qf4+ 0-1

[Event "*** Titled Tuesday Blitz"]
[Site "Chess.com"]
[Date "2020.05.12"]
[Round "10"]
[White "NormWeinstein"]
[Black "Batsai"]
[Result "0-1"]
[WhiteElo "2406"]
[BlackElo "2283"]
[TimeControl "180+1"]
[EndTime "11:54:40 PDT"]
[Termination "Batsai won on time"]

1. e4 c6 2. d3 d5 3. Nd2 Nf6 4. Ngf3 Bg4 5. Be2 e6 6. c3 Be7 7. O-O O-O 8. Re1 Qc7 9. Qc2 Rd8 10. e5 Ne8 11. d4 Nd7 12. Bd3 Nf8 13. h3 Bh5 14.
Nh2 c5 15. dxc5 Bxc5 16. Nb3 Be7 17. Nd4 a6 18. Nf1 b5 19. Ng3 Bg6 20. f4 Bh4 21. Kh2 Rac8 22. Qe2 Bxd3 23. Qxd3 f5 24. exf6 Nxf6 25. Nxe6 Nxe6 26. Rxe6 Qf7 27. Re5 d4 28. cxd4 Nd5 29. f5 Bf6 30. Qe4 Nb4 31. Bf4 Bxe5 32.
Bxe5 Nc6 33. Rf1 Qd5 34. Rf4 Qxe4 35. Nxe4 Rd5 36. Ng5 Nxe5 37. dxe5 Rxe5 38. Rf2 Rec5 39. Ne6 Rc2 40. Rf3 Rxb2 41. Rg3 g6 42. fxg6 hxg6 43. Rxg6+ Kf7 44. Rh6 Rcc2 45. Nf4 Rxa2 46. Kg3 b4 47. Kg4 b3 48. Rb6 b2 49. h4 Ra1 50.
Rb7+ Kf6 51. Rb6+ Ke5 52. Nd3+ Ke4 53. Nxb2 Rxg2+ 54. Kh5 Ra5+ 55. Kh6 Rb5 56. Re6+ Kf5 0-1

[Event "*** Titled Tuesday Blitz"]
[Site "Chess.com"]
[Date "2020.05.12"]
[Round "10"]
[White "TokChess"]
[Black "Chess2019Player"]
[Result "1-0"]
[WhiteElo "2332"]
[BlackElo "2178"]
[TimeControl "180+1"]
[EndTime "11:54:40 PDT"]
[Termination "TokChess won by resignation"]

1. d4 Nf6 2. Nf3 c5 3. c3 cxd4 4. cxd4 d5 5. Nc3 Nc6 6. Bf4 a6 7. e3 Bg4 8. h3 Bh5 9. Bd3 e6 10. Rc1 Bd6 11. Bxd6 Qxd6 12. O-O O-O 13. Na4 Nb4 14.
a3 Bxf3 15. gxf3 Nxd3 16. Qxd3 Nd7 17. Nc5 Nxc5 18. Rxc5 e5 19. Rfc1 Rad8 20. b4 e4 21. fxe4 Qg6+ 22. Kh2 dxe4 23. Qe2 Rd6 24. Rg1 Qh6 25.
Re5 Rg6 26. Rxg6 Qxg6 27. Qg4 Qf6 28. Qf5 Qd6 29. Qxe4 Rd8 30. Kg2 Kf8 31. Qxh7 f6 32.
Qh8+ Kf7 33. Qh5+ Kf8 34. Rf5 Qc6+ 35. d5 Qd7 36. Qf3 Kf7 37. h4 Qd6 38. h5 Rh8 39. Qg3 Qd7 40. Qg6+ Kf8 41. e4 Rh6 42. Qg4 Kg8 43.
f3 Qc8 44. Kg3 Qc7+ 45. Qf4 Qc3 46. Qb8+ Kh7 47. Kh3 Qe1 48. Qg3 Qe3 49. d6 Qd3 50. Kg2 Qe2+ 51. Qf2 Qd3 52. Rd5 Qxa3 53. d7 Qxb4 54.
d8=Q Qxe4 55. fxe4 Rxh5 1-0

[Event "*** Titled Tuesday Blitz"]
[Site "Chess.com"]
[Date "2020.05.12"]
[Round "10"]
[White "Msb2"]
[Black "EugeneRougon"]
[Result "1-0"]
[WhiteElo "2908"]
[BlackElo "2755"]
[TimeControl "180+1"]
[EndTime "11:54:41 PDT"]
[Termination "Msb2 won on time"]

1. d4 d5 2. c4 c6 3. Nc3 Nf6 4. e3 e6 5. Nf3 Nbd7 6. Be2 dxc4 7. a4 Bd6 8. O-O O-O 9. Bxc4 b6 10. e4 e5 11. Bg5 Bb7 12. Qd2 Qc7 13. Rad1 Bb4 14.
Bxf6 Nxf6 15. dxe5 Nxe4 16. Qf4 Nxc3 17. bxc3 Bxc3 18. Rd3 b5 19. Rxc3 bxc4 20. Nd4 Rae8 21. Re1 f6 22. Nf5 fxe5 23. Qxc4+ Kh8 24. Ne3 Qf7 25.
Qxf7 Rxf7 26. Nc4 Rfe7 27. Rce3 Ba6 28. Nxe5 Kg8 29. Nxc6 Rxe3 30. Rxe3 Rxe3 31. fxe3 Kf7 32. Nxa7 Ke6 33. Nb5 Bb7 34. Kf2 Kd5 35. Nd4 Kc4 36. Nf5 Kb4 37. Nxg7 Kxa4 38. Nh5 Kb5 39. Nf6 h6 40.
Ng4 h5 41. Nf6 h4 42. e4 Kc5 43. Ke3 Kd6 44. Kf4 Ke6 45. Nd5 h3 46. gxh3 Bc6 47.
Ne3 Kf6 48. e5+ Kg6 49. Nf5 Ba4 50. Nd4 Bd7 51. h4 Kh5 52. e6 Ba4 53. Nf5 Bb3 54. e7 Ba4 55. h3 Bd7 56. Ke5 1-0

[Event "*** Titled Tuesday Blitz"]
[Site "Chess.com"]
[Date "2020.05.12"]
[Round "10"]
[White "LizaSolovyova"]
[Black "124chess"]
[Result "0-1"]
[WhiteElo "2605"]
[BlackElo "2793"]
[TimeControl "180+1"]
[EndTime "11:54:42 PDT"]
[Termination "124chess won by resignation"]

1. d4 d5 2. e3 c6 3. Bd3 Nf6 4.
f4 g6 5. Nf3 Bg7 6. c3 O-O 7.
O-O Nbd7 8. Nbd2 c5 9. Ne5 Qc7 10. Qf3 b6 11. a4 a6 12. h3 Bb7 13. Rb1 Ne8 14. Qg4 Ndf6 15. Qh4 Nd6 16. Ndf3 Bc8 17. Ng5 Bf5 18. Bxf5 Nxf5 19. Qe1 h6 20. Ngf3 Ne4 21. Nd2 Nfd6 22. Nxe4 Nxe4 23. Qe2 Ng3 24. Qf3 Nxf1 25. Qxf1 e6 26. Nf3 Qc6 27. Ra1 b5 28. a5 b4 29. cxb4 cxb4 30. Bd2 Rab8 31. Rc1 Qb5 32. Qxb5 Rxb5 33. Rc6 Ra8 34. Ne5 Bxe5 35. fxe5 Rxa5 36.
Bxb4 Rb5 37. Ba3 Rbb8 38. Kf2 Rc8 39. Rd6 g5 40. Kf3 Kg7 41. h4 Kg6 42. hxg5 hxg5 43.
Rd7 a5 44. Be7 a4 45. Ba3 Rc2 46. Rb7 Rh8 47. Ra7 Rh2 48. g3 Kh5 49. e4 Rhf2+ 50. Ke3 Rce2+ 51. Kd3 dxe4+ 52. Kc3 Rc2+ 53. Kb4 Rxb2+ 54.
Bxb2 Rxb2+ 55. Kc3 Rf2 56. d5 exd5 57. Kd4 Kg4 58. Rxa4 Kxg3 59. Ra3+ Rf3 60. Ra7 Rd3+ 61. Kc5 e3 62. Rxf7 e2 0-1

[Event "*** Titled Tuesday Blitz"]
[Site "Chess.com"]
[Date "2020.05.12"]
[Round "10"]
[White "Didici"]
[Black "CrushingKings"]
[Result "1-0"]
[WhiteElo "2647"]
[BlackElo "2496"]
[TimeControl "180+1"]
[EndTime "11:54:42 PDT"]
[Termination "Didici won by resignation"]

1. d4 Nf6 2. c4 g6 3. Nc3 Bg7 4. e4 d6 5. f3 c6 6. Be3 a6 7. c5 b5 8. cxb6 Nbd7 9. Nge2 Nxb6 10. Nf4 O-O 11. Be2 Nfd7 12. O-O c5 13. dxc5 Nxc5 14.
Rc1 Bd7 15. Bd4 Bh6 16. Be3 Bg7 17. b3 a5 18. Qd2 a4 19. b4 Ne6 20. Nfd5 Nxd5 21.
Nxd5 a3 22. Bb6 Qe8 23. f4 Bb5 24. Bxb5 Qxb5 25. f5 Kh8 26. fxe6 fxe6 27. Bd4 exd5 28. exd5 Rxf1+ 29. Rxf1 Qc4 30. Bxg7+ Kxg7 31. Qe3 Qxd5 32.
Qxe7+ Kh6 33. h4 Qe5 34. Qxe5 dxe5 35. Rf3 Kh5 36. g3 Kg4 37. Rb3 Rc8 38. b5 Rc1+ 39. Kf2 Rc2+ 40. Ke3 Rxa2 41. b6 Rb2 42. Rxa3 Rxb6 43.
Kf2 Rb2+ 44. Kf1 e4 45. Re3 h5 46. Ra3 Rc2 47. Re3 Rb2 48. Kg1 Kh3 49. Kf1 Rg2 50. Rxe4 Rxg3 51. Kf2 Rg4 52. Re6 Kxh4 53. Kf3 Kg5 54.
Kf2 Ra4 55. Ra6 Kh6 56. Rxa4 1-0

[Event "*** Titled Tuesday Blitz"]
[Site "Chess.com"]
[Date "2020.05.12"]
[Round "10"]
[White "Baronessa08"]
[Black "ViktoriyaTarasova"]
[Result "1/2-1/2"]
[WhiteElo "2466"]
[BlackElo "2257"]
[TimeControl "180+1"]
[EndTime "11:54:42 PDT"]
[Termination "Game drawn by repetition"]

1. c4 c5 2. g3 Nc6 3. Bg2 e5 4. Nc3 g6 5. d3 Bg7 6. e3 Nge7 7. Nge2 O-O 8. O-O d6 9. Qd2 Be6 10. Nd5 Qd7 11. b3 Bh3 12. Bb2 Bxg2 13. Kxg2 Nxd5 14. cxd5 Ne7 15. e4 f5 16. f4 fxe4 17. dxe4 Rae8 18. fxe5 dxe5 19. Qe3 b6 20. Rad1 Nc8 21. Ng1 Nd6 22. h3 Qe7 23. Nf3 h6 24. Nd2 Rxf1 25. Rxf1 Rf8 26. Rxf8+ Qxf8 27. Nc4 Qe7 28. Nxd6 Qxd6 29. Qf3 b5 30. Qg4 Kh7 31. Qc8 c4 32. bxc4 Qb4 33. Bc1 Qc3 34. d6 Qxc1 35. d7 Qd2+ 36. Kf3 Qd3+ 37.
Kf2 Bf6 38. Qc7 Qd4+ 39. Kf3 Be7 40. c5 Qd3+ 41. Kg2 Qxe4+ 42. Kh2 Qe2+ 43. Kh1 Qd1+ 44. Kh2 Qd2+ 45. Kh1 Qd5+ 46. Kh2 Kg7 47. c6 Qd2+ 48. Kh1 Qd1+ 49. Kh2 Qd2+ 50. Kh1 Qd5+ 51. Kh2 Qd2+ 1/2-1/2

[Event "*** Titled Tuesday Blitz"]
[Site "Chess.com"]
[Date "2020.05.12"]
[Round "10"]
[White "Azerichess"]
[Black "Firouzja2003"]
[Result "0-1"]
[WhiteElo "3049"]
[BlackElo "3163"]
[TimeControl "180+1"]
[EndTime "11:54:43 PDT"]
[Termination "Firouzja2003 won by resignation"]

1. d4 Nf6 2. c4 g6 3. Nf3 Bg7 4.
g3 O-O 5. Nc3 d6 6. Bg2 Nc6 7. O-O e5 8. dxe5 dxe5 9. Bg5 Be6 10. Qc1 Qe8 11. Nd2 h6 12. Bxf6 Bxf6 13. Nd5 Bd8 14.
Ne4 Kg7 15. Nc5 Nd4 16. Re1 c6 17. e3 Nf5 18. Nc3 Bc8 19. Rd1 Qe7 20. N5e4 Bc7 21.
Qc2 Be6 22. Na4 Rad8 23. Nac5 Bc8 24. b4 h5 25. h4 Nh6 26. Rxd8 Rxd8 27. Rd1 Rxd1+ 28.
Qxd1 f6 29. a3 Nf7 30. Nb3 f5 31. Nec5 e4 32. Nd4 Ne5 33. Bf1 b6 34. Ncb3 Bd7 35.
c5 Be8 36. Qc2 Bd7 37. Qc3 Kh7 38. cxb6 axb6 39. Be2 g5 40. hxg5 Qxg5 41. b5 c5 42. Nxc5 bxc5 43. Qxc5 Qd8 44. Bxh5 Nd3 45. Qd5 Qe7 46.
Nxf5 Qe6 47. Qxe6 Bxe6 48. Nd4 Bd7 49. Bg4 Bxg4 50. a4 Nc5 51. Nc6 Nxa4 52. Nb4 Nb6 53.
Nd5 Nxd5 0-1

[Event "*** Titled Tuesday Blitz"]
[Site "Chess.com"]
[Date "2020.05.12"]
[Round "10"]
[White "Manukyan_Artak"]
[Black "temus_galaktionov"]
[Result "1-0"]
[WhiteElo "2432"]
[BlackElo "2698"]
[TimeControl "180+1"]
[EndTime "11:54:43 PDT"]
[Termination "Manukyan_Artak won on time"]

1. e4 c6 2. d4 g6 3. c4 Bg7 4.
Nc3 d6 5. Bg5 Qb6 6. Nge2 Qxb2 7. f4 h6 8. Bh4 Qa3 9. e5 Bf5 10. Rc1 Na6 11. Ng3 dxe5 12. Nxf5 gxf5 13. dxe5 Rd8 14.
Qc2 f6 15. Be2 fxe5 16. Bh5+ Kd7 17. Qxf5+ Kc7 18. O-O exf4 19. Qxf4+ Qd6 20. Qf7 Bd4+ 21. Kh1 Nf6 22. Bg3 Be5 23. Bxe5 Qxe5 24. Rce1 Qxh5 25. Rxe7+ Nd7 26. Qxh5 Rhf8 27. Ree1 Nac5 28. h4 Nd3 29. Rxf8 Rxf8 30. Rb1 Rf4 31. Ne2 Re4 32. Qf3 N7e5 33. Qf8 Rxe2 34. Qe7+ Kc8 35. Qxb7+ Kd8 36. Qxa7 Nd7 37.
Qa8+ Ke7 38. Qa7 Nf2+ 39. Kg1 Ne4 40. Qa5 Ke6 41. Re1 Rxe1+ 42. Qxe1 Nc5 43. Qe3 h5 44. Qh6+ Nf6 45. Qg5 Nce4 46. Qf4 c5 47. Qc7 Nc3 48. Qc6+ Kf5 49. Qxc5+ Kf4 50. Qd4+ Nfe4 51. c5 1-0

[Event "*** Titled Tuesday Blitz"]
[Site "Chess.com"]
[Date "2020.05.12"]
[Round "10"]
[White "manitodeplomo"]
[Black "Shield12"]
[Result "0-1"]
[WhiteElo "2612"]
[BlackElo "2796"]
[TimeControl "180+1"]
[EndTime "11:54:45 PDT"]
[Termination "Shield12 won on time"]

1. d4 Nf6 2. c4 e6 3. Nf3 b6 4.
g3 Bb7 5. Bg2 Be7 6. Nc3 Ne4 7.
Bd2 Bf6 8. Qc2 Nxd2 9. Qxd2 O-O 10. e4 d6 11. O-O Nd7 12. Rfe1 g6 13. Rad1 Bg7 14. h3 e5 15. Kh2 a5 16. b3 h6 17. Nd5 c6 18. Nc3 Qe7 19. dxe5 Nxe5 20. Na4 b5 21. cxb5 cxb5 22. Nb6 Rad8 23. Qxa5 Nxf3+ 24. Bxf3 Qf6 25. Kg2 Qe5 26. Nd5 Bc6 27. Qc7 Bd7 28.
Bg4 Be6 29. Nf4 Bxg4 30. hxg4 Rfe8 31. Nd5 Rc8 32. Qb6 Rc2 33. Qxb5 Rxa2 34. Re2 Rxe2 35. Qxe2 Qxe4+ 36. Qxe4 Rxe4 37. b4 Re2 38. Rb1 Bd4 39. b5 Re5 40. Nf4 Bb6 41. Nd3 Rd5 42. Rb3 Kg7 43. f4 Kf6 44. Kf3 Ke6 45. Ke2 Rd4 46. Rb4 Kd5 47. Rxd4+ Bxd4 48. f5 Kc4 49. fxg6 fxg6 50.
Nf4 g5 51. Ne6 Bb6 52. Ng7 d5 53. Nf5 Kxb5 54. Kd3 Kc5 55. Nxh6 Bd8 56. Nf5 Bf6 57. Ne3 Be5 58. Nf5 Kc6 59. Nh6 Bxg3 60. Nf7 Bf4 0-1

[Event "*** Titled Tuesday Blitz"]
[Site "Chess.com"]
[Date "2020.05.12"]
[Round "10"]
[White "shnitez"]
[Black "KerryStead"]
[Result "1-0"]
[WhiteElo "2391"]
[BlackElo "2112"]
[TimeControl "180+1"]
[EndTime "11:54:47 PDT"]
[Termination "shnitez won on time"]

1. e4 e5 2. Nf3 Nc6 3. Nc3 Nf6 4. Bb5 Bb4 5. O-O h6 6. Bxc6 dxc6 7. Nxe5 Bxc3 8.
bxc3 O-O 9. d3 Qd6 10. Nc4 Qe6 11. Bf4 Qe7 12. a4 Be6 13. Ne3 g5 14. Bg3 Rfe8 15.
f4 gxf4 16. Rxf4 Nh7 17. Qh5 Qg5 18. Qf3 Qg7 19. Be1 Ng5 20. Qg3 Kf8 21. h4 Nh7 22. Qxg7+ Kxg7 23. c4 Rad8 24. Bc3+ Kf8 25. c5 h5 26. a5 Kg8 27. Rb1 b6 28. cxb6 cxb6 29. axb6 axb6 30. Rxb6 Rc8 31. Rf1 Nf8 32. Ra1 Ng6 33.
g3 c5 34. Ra7 c4 35. d4 Re7 36. Rxe7 Nxe7 37. d5 Bg4 38. Nxg4 hxg4 39. Kf2 Ng6 40.
Ke3 Re8 41. Kd4 Ne5 42. Rf6 Nf3+ 43. Kxc4 Rc8+ 44. Rc6 Rb8 45. Rh6 Rc8+ 46. Kb3 Rb8+ 47. Ka4 f6 48. Rxf6 Ra8+ 49. Kb3 Rb8+ 50. Kc4 Rc8+ 51.
Rc6 Re8 52. Rg6+ Kf8 53. Rxg4 Ne5+ 54. Bxe5 Rxe5 55. Kd4 Re7 56. e5 Rh7 57. e6 Ke7 58. Ke5 1-0

[Event "*** Titled Tuesday Blitz"]
[Site "Chess.com"]
[Date "2020.05.12"]
[Round "10"]
[White "GeorgMeier"]
[Black "BAS8892"]
[Result "1-0"]
[WhiteElo "3008"]
[BlackElo "2715"]
[TimeControl "180+1"]
[EndTime "11:54:51 PDT"]
[Termination "GeorgMeier won on time"]

1. Nf3 d5 2. g3 Nf6 3. Bg2 c6 4.
O-O Bf5 5. c4 e6 6. cxd5 exd5 7.
d3 Be7 8. Nc3 O-O 9. Qb3 Qc8 10.
Be3 Nbd7 11. Rfc1 Nc5 12. Qd1 Bh3 13. b4 Bxg2 14. Kxg2 Ne6 15. Rab1 a6 16. h3 Re8 17. Nd4 Bf8 18. Na4 Qd8 19. Rc2 Nd7 20. Nxe6 Rxe6 21. Bd4 Qg5 22. e3 h5 23. Nc5 Nxc5 24. bxc5 Re7 25. Rcb2 Rb8 26. Rb6 h4 27. Qg4 Qxg4 28.
hxg4 hxg3 29. Kxg3 Rd7 30. Rxc6 Re8 31. Rcb6 Ree7 32.
c6 bxc6 33. Rxc6 Re8 34. Rxa6 Bd6+ 35. Kg2 Rc8 36. Rb5 Bf8 37. Raa5 Rcd8 38. a4 f6 39. Ra6 Rc8 40. g5 fxg5 41. Rg6 Rf7 42. Rxg5 Rc2 43. e4 dxe4 44. dxe4 Rc4 45. Be3 Rxa4 46.
Rge5 Rc4 47. Re8 Kh7 48. Rd5 g6 49. Re6 Bg7 50. Rdd6 Bf8 51. Rd5 Bg7 52. Rg5 Rf6 53. Re7 Kg8 54. Rd5 Rf7 55. Rd8+ Bf8 56. Ree8 Rc6 57. Bh6 Rcf6 58. f4 1-0

[Event "*** Titled Tuesday Blitz"]
[Site "Chess.com"]
[Date "2020.05.12"]
[Round "10"]
[White "pawel83"]
[Black "MPGM"]
[Result "1/2-1/2"]
[WhiteElo "2370"]
[BlackElo "2519"]
[TimeControl "180+1"]
[EndTime "11:54:52 PDT"]
[Termination "Game drawn by repetition"]

1. d4 f5 2. Nf3 Nf6 3. g3 e6 4. Bg2 d5 5. O-O Bd6 6. Nbd2 O-O 7. b3 c6 8. Bb2 a5 9. c4 a4 10. Ne5 Nbd7 11. Nd3 a3 12. Bc3 Ne4 13. Qc2 Ndf6 14. f3 Nxc3 15. Qxc3 Qe7 16. e4 fxe4 17. fxe4 dxe4 18. Nxe4 Nxe4 19. Bxe4 Bd7 20. Qc2 g6 21. c5 Bc7 22. Qc4 Kg7 23. Ne5 Bxe5 24. dxe5 Rxf1+ 25.
Rxf1 Rf8 26. Rxf8 Qxf8 27. Qd4 Be8 28. Qd6 Bf7 29. Qxf8+ Kxf8 30. Kf2 Kg7 31. Ke3 g5 32. g4 h5 33. h3 hxg4 34. hxg4 Kf8 35. Kd4 Ke7 36. Kc3 Kd7 37. Kb4 Kc7 38. Kxa3 Be8 39. Kb4 Bd7 40. Ka5 Bc8 41. b4 Bd7 42. a4 Bc8 43. b5 Bd7 44. Bg6 cxb5 45. axb5 Bc8 46.
Be4 Bd7 47. Bf3 Be8 48. Kb4 b6 49. c6 Bg6 50. Be2 Bf7 51. Bc4 Bg8 52. Kc3 Bf7 53. Kd4 Bg8 54. Bb3 Bf7 55. Bc2 Bg8 56. Bg6 Kd8 57. Ke4 Ke7 58. Kd4 Kd8 59. Be4 Kc7 60.
Bg6 Kd8 1/2-1/2